 Dungeon Crawl Stone Soup version 0.19.1 (webtiles) character file.

55 Gargoyl the Skirmisher (level 3, 0/33 HPs)
             Began as a Ghoul Abyssal Knight on Dec 14, 2016.
             Was a Follower of Lugonu.
             Killed by divine providence
             ... invoked by an orc priest
              (14 damage)
             ... on level 3 of the Dungeon.
             The game lasted 00:03:10 (1390 turns).

Gargoyl the Skirmisher (Ghoul Abyssal Knight)       Turns: 1390, Time: 00:03:10

Health: 0/33       AC: 14    Str: 15    XL:     3   Next: 93%
Magic:  3/3        EV:  4    Int:  7    God:    Lugonu [*.....]
Gold:   77         SH:  0    Dex:  9    Spells: 0 memorised, 2 levels left

rFire  . . .     SeeInvis .     a - +1 hand axe
rCold  + + .     Gourm    .     e - +0 plate armour
rNeg   + + +     Faith    .     (no shield)
rPois  ∞         Spirit   .     (no helmet)
rElec  .         Reflect  .     (no cloak)
rCorr  .         Harm     .     (no gloves)
MR     .....                    i - +2 pair of boots
Stlth  ..........               (no amulet)
                                (no ring)
                                f - ring of protection from cold

@: rotting
A: rotting body, claws 1, carnivore 3, cold resistance 1, negative energy
resistance 3, slow regeneration 1, torment resistance, unbreathing
a: Depart the Abyss, Renounce Religion


You were on level 3 of the Dungeon.
You worshipped Lugonu.
Lugonu was aware of your devotion.
You were not hungry.

You visited 1 branch of the dungeon, and saw 4 of its levels.
You visited the Abyss 1 time.

You collected 77 gold pieces.

Inventory:

Hand Weapons
 a - a +1 hand axe (weapon)
Armour
 e - a +0 plate armour (worn)
 i - a +2 pair of boots (worn)
Jewellery
 f - a ring of protection from cold (left claw)
 m - an uncursed amulet of harm {unknown}
Wands
 d - a wand of enslavement (16/24)
Scrolls
 b - a scroll of fog {unknown}
 j - a scroll of remove curse {unknown}
 l - 2 scrolls of identify {unknown}
 p - a scroll of enchant weapon {unknown}
Potions
 g - 2 potions of invisibility {unknown}
 h - a potion of lignification {unknown}
 k - a potion of curing {unknown}
 n - a potion of ambrosia {unknown}
 q - a potion of brilliance {unknown}
Comestibles
 c - 2 meat rations
 o - 3 chunks of flesh


   Skills:
 + Level 3.8 Fighting
 + Level 2.5 Axes
 * Level 2.2 Armour
 + Level 1.1 Dodging
 * Level 2.4 Invocations


You had 2 spell levels left.
You didn't know any spells.

Dungeon Overview and Level Annotations

Branches:
Dungeon (4/15)
 Temple: D:4-7

Altars:


Innate Abilities, Weirdness & Mutations

Your body is rotting away.
You thrive on raw meat.
You are immune to poison.
You have sharp fingernails.
You are carnivorous and can eat meat at any time.
Your flesh is cold resistant. (rC+)
You are immune to negative energy. (rN+++)
You regenerate slowly when monsters are visible.
You are immune to unholy pain and torment.
You can survive without breathing.


Message History

2 orcs and a dart slug come into view.
Found an emerald potion.
An orc and an orc priest come into view.
You completely miss the adder.
The hobgoblin shouts!
The orc shouts!
The adder bites you but does no damage.
An adder comes into view.
You closely miss the adder.
The adder hisses angrily.
You hit the hobgoblin. The adder bites you but does no damage.
The orc priest invokes the aid of Beogh against you.
Beogh smites you! The adder bites you but does no damage.
The hobgoblin barely misses you.
Unknown command.
You hit the adder.
The adder is moderately wounded.
You hit the adder. You closely miss the hobgoblin. The adder bites you. x2
The orc priest mumbles some strange prayers to Beogh against you.
Beogh smites you!
You die...

######. ..
..#...##.# .
........##
..###...#....
......#...g###.
...............
.......>.......
.###.##S.......
#@.....##
#.Sg......
...#......#
..... $..).!#
!..w##. o.S...#
.... .. ......#
... .. o.o....
.. ... .......


You could see an orc priest, 3 adders, a dart slug, 2 orcs and 2 hobgoblins.

Vanquished Creatures
  An adder (D:2)
  4 dart slugs (D:1)
  A bat zombie (D:2)
  3 giant cockroaches
  4 goblins (D:1)
  3 hobgoblins (D:2)
  6 bats
  5 frilled lizards
  6 kobolds
  6 rats (D:1)
39 creatures vanquished.

Notes
Turn   | Place    | Note
-------+----------+-------------------------------------------
     0 | Abyss:1  | Gargoyl the Ghoul Abyssal Knight began the quest for the Orb.
     0 | Abyss:1  | Reached XP level 1. HP: 19/19 MP: 1/1
    66 | Abyss:2  | Noticed a starcursed mass
    86 | D:1      | Escaped the Abyss
   327 | D:1      | Reached skill level 1 in Dodging
   434 | D:1      | Reached XP level 2. HP: 25/26 MP: 2/2
   450 | D:1      | Reached * piety under Lugonu
   725 | D:1      | Reached XP level 3. HP: 33/33 MP: 3/3
  1296 | D:2      | You fall through a shaft for 2 floors!
  1390 | D:3      | Killed from afar by an orc priest

Skill      XL: |  1  2 |
---------------+-------+-----
Dodging        | 1 |  1.1
Armour         | 2 |  2.2
Axes           | 2 |  2.5
Fighting       | |  3.8
Invocations    | |  2.4

Action                   || total
-------------------------++-------
Melee: Hand axe          ||   148
Invok: Depart the Abyss  ||     1
  Eat: Chunk             ||    12
Armor: Plate armour      ||   158
Dodge: Dodged            ||    44
